 Dungeon Crawl Stone Soup version 0.20-a0-513-g02c11fc (webtiles) character file.

738189 Gorice the Impregnable (level 27, -3/207 HPs)
             Began as a Barachian Fighter on Jan 9, 2017.
             Was the Champion of Okawaru.
             Slain by an Ice Fiend (12 damage)
             ... in Pandemonium on Jan 22, 2017.
             The game lasted 10:45:47 (86150 turns).

Gorice the Impregnable (Barachian Fighter)         Turns: 86150, Time: 10:45:48

Health: -3/207     AC: 50    Str: 21    XL:     27
Magic:  36/36      EV: 15    Int:  4    God:    Okawaru [******]
Gold:   5740       SH:  0    Dex: 14    Spells: 26/44 levels left

rFire    + + .     SeeInvis +   b - +9 triple sword (holy)
rCold    + + .     Gourm    .   y - +5 gold dragon scales
rNeg     + + +     Faith    .   (shield currently unavailable)
rPois    +         Spirit   .   Z - +1 helmet
rElec    +         Reflect  .   v - +3 cloak of the Arcane {rElec rPois rC+}
rCorr    +         Harm     .   I - +1 pair of gloves of Napp {Regen+ SInv}
MR       +++++     Clarity  +   L - +1 pair of boots of the Game Afoot {rF+ rN+ Regen+}
Stlth    .......... Rnd*Tele +  q - amulet of the Four Winds {rN+ MR+++ Clar}
Regen    1.3/turn               w - +6 ring of protection
                                C - ring "Taffaris" {rCorr rElec rN+ Dex+3}

@: sap magic, can't hop, slow
A: swims, hooves 1, blurry vision 3, clumsy 1, deterioration 1, dopey 2, frail
1, slowness 1, teleportitis 3, weak 1, strong legs 2
}: 5/15 runes: decaying, slimy, silver, abyssal, gossamer
a: Hop, Heroism, Finesse, Renounce Religion


You were in Pandemonium.
You worshipped Okawaru.
Okawaru was exalted by your worship.
You were not hungry.

You visited 11 branches of the dungeon, and saw 53 of its levels.
You visited Pandemonium 1 time, and saw 9 of its levels.
You visited the Abyss 2 times.
You visited 1 bazaar.
You also visited: Bailey, Ice Cave and Wizlab.

You collected 8342 gold pieces.
You spent 2602 gold pieces at shops.

Inventory:

Hand Weapons
 a - a +9 triple sword of electrocution
   (Okawaru gifted it to you on level 3 of the Depths)
 b - a +9 triple sword of holy wrath (weapon)
   (Okawaru gifted it to you on level 4 of the Lair of Beasts)
 B - a +6 blowgun
Missiles
 e - 22 curare-tipped needles
 j - 23 javelins of returning (quivered)
 s - 3 silver javelins
 X - 10 javelins of penetration
 Y - 4 throwing nets
Armour
 v - the +3 cloak of the Arcane (worn) {rElec rPois rC+}
   (Okawaru gifted it to you on level 5 of the Depths)

   It protects you from cold.
   It insulates you from electricity.
   It protects you from poison.
 y - +5 gold dragon scales (worn)
 I - the +1 pair of gloves of Napp (worn) {Regen+ SInv}
   (Okawaru gifted it to you on level 2 of the Orcish Mines)

   It lets you see invisible.
   It increases your rate of regeneration.
 L - the +1 pair of boots of the Game Afoot (worn) {rF+ rN+ Regen+}
   (You bought it in a shop on level 5 of the Vaults)

   It protects you from fire.
   It protects you from negative energy.
   It increases your rate of regeneration.
 Z - a +1 helmet (worn)
Jewellery
 q - the amulet of the Four Winds (around neck) {rN+ MR+++ Clar}
   (You found it on level 3 of the Elven Halls)

   [amulet of nothing]

   It protects you from negative energy.
   It affects your resistance to hostile enchantments.
   It protects you against confusion.
 w - a +6 ring of protection (right hand)
 C - the ring "Taffaris" (left hand) {rCorr rElec rN+ Dex+3}
   (You bought it in a shop on level 2 of the Vaults)

   [ring of resist corrosion]

   It affects your dexterity (+3).
   It insulates you from electricity.
   It protects you from negative energy.
 S - a +3 ring of slaying
Wands
 f - a wand of digging (13/24)
 m - a wand of acid (3/15)
 N - a wand of clouds (5/9)
 O - a wand of scattershot (6/9)
 R - a wand of paralysis (11/24)
Scrolls
 l - 8 scrolls of blinking
 r - 33 scrolls of remove curse
 u - 2 scrolls of summoning {!r}
 E - 12 scrolls of fog
 F - a scroll of silence {!r}
 G - 10 scrolls of teleportation {!r}
 H - 12 scrolls of identify
 M - 4 scrolls of magic mapping {!r}
 P - 10 scrolls of fear {!r}
Potions
 c - 5 potions of cure mutation {!q}
 d - 6 potions of might {!q}
 k - a potion of mutation {!q}
 n - a potion of berserk rage
 p - 3 potions of invisibility {!q}
 t - 6 potions of agility {!q}
 x - 5 potions of cancellation {!q}
 A - 12 potions of haste {!q}
 D - 11 potions of heal wounds {!q}
 V - 8 potions of curing
 W - 4 potions of resistance {!q}
Books
 g - a book of Cantrips
Miscellaneous
 o - a lightning rod (4/4) {!a}
 z - 2 boxes of beasts
 J - 3 sacks of spiders
Comestibles
 h - 21 meat rations {!e}
 i - 4 chunks of flesh
 K - 30 fruits


   Skills:
 - Level 22.0 Fighting
 - Level 22.0 Long Blades
 - Level 16.0 Throwing
 - Level 24.3 Armour
 - Level 22.0 Dodging
   Level 3.0 Shields
 + Level 9.3 Spellcasting
 - Level 11.0 Summonings
 * Level 12.3 Translocations
 - Level 12.4 Invocations
 - Level 16.0 Evocations


You had 26 spell levels left.
You knew the following spells:

 Your Spells              Type           Power        Failure   Level  Hunger
a - Spectral Weapon       Hex/Chrm       #.......     100%        3    ###....
b - Lesser Beckoning      Tloc           ##........   8%          3    ###....
p - Portal Projectile     Tloc           ##....       8%          3    ###....
A - Apportation           Tloc           ##....       1%          1    #......
B - Summon Butterflies    Summ           ##......     3%          1    #......
M - Repel Missiles        Chrm/Air       #.....       100%        2    ###....
R - Regeneration          Chrm/Necr      #.........   100%        3    ###....
S - Swiftness             Chrm/Air       #.......     100%        2    ###....


Dungeon Overview and Level Annotations

Branches:
Dungeon (15/15)            Temple (1/1) D:4            Lair (6/6) D:8
  Swamp (4/4) Lair:3       Spider (4/4) Lair:2        Slime (5/5) Lair:5
    Orc (2/2) D:11            Elf (3/3) Orc:2        Vaults (5/5) D:14
  Crypt (3/3) Vaults:2       Tomb (0/3) Crypt:3      Depths (5/5) D:15
    Zot (0/5) Depths:5

Altars:
Ashenzari
Cheibriados
Dithmenos
Elyvilon
Fedhas
Gozag
Hepliaklqana
Kikubaaqudgha
Makhleb
Nemelex Xobeh
Okawaru
Qazlal
Ru
Sif Muna
Trog
Uskayaw
Vehumet
Xom
Yredelemnul
Zin
The Shining One
Beogh
Lugonu

Shops:
D:8 }   Orc:2 :[=:   Elf:2 %   Vaults:2 =   Vaults:3 !   Vaults:5 [?[:
Depths:4 =

Portals:
Hell: Depths:1 Depths:2 Depths:3 Depths:4 Depths:5
Abyss: Depths:1 Depths:2 Depths:3 Depths:4 Depths:5
Pandemonium: Depths:3 Depths:4 Depths:5
Ziggurat: Depths:5


Innate Abilities, Weirdness & Mutations

You can swim through water.
You cover ground slowly.
You can hop longer distances.
You have large cloven feet.
You are very dopey. (Int -4)
You are frail. (-10% HP)
You are weak. (Str -2)
[Scrolls take you much longer to read.]
[You are clumsy. (Dex -2)]
[Your body sometimes deteriorates upon taking damage.]
[You are often teleported next to monsters.]


Message History

* * * LOW HITPOINT WARNING * * *
You see here a stone.
Damage: 9 (max 9)
You hear a distant blaring wail to the northeast.
You hear a croak.
You enter a teleport trap!
The teleport trap disappears.
Your surroundings suddenly seem different.
A shadow demon comes into view.
The shadow demon gives a loud, deep croak!
You hear a shout!
You hear a roar! x2
The shadow demon gestures.
The large abomination appears out of thin air!
A large abomination comes into view.
Found a scroll of enchant weapon, a scroll of amnesia and 29 gold pieces.
Found an exit through the horrors of the Abyss.
A green death and a balrug come into view.
The balrug is wielding a vampiric demon whip.
An Ice Fiend and a blood saint come into view.
The green death roars!
The Ice Fiend roars!
The shadow demon hits you but does no damage.
The reaper hits you but does no damage. The reaper barely misses you.
Found a dagger.
A reaper comes into view. It is wielding a scythe of protection.
The monstrous blood saint calls on the powers of chaos!
The reaper suddenly seems more resistant.
The Ice Fiend seems to grow stronger.
The reaper suddenly seems more agile.
You slash the large abomination!
The large abomination convulses!
The large abomination is heavily damaged.
The reaper closely misses you.
The shadow demon hits you but does no damage.
The large abomination closely misses you.
You riposte.
You slice the large abomination!!
You destroy the large abomination!
Okawaru accepts your kill. The balrug gestures at you. Makhleb smites you!
* * * LOW HITPOINT WARNING * * *
The green death hits you but does no damage.
The monstrous warmonger calls down the wrath of its god upon you.
Your magic feels tainted.
The reaper hits you from afar with a vampiric scythe!
* * * LOW HITPOINT WARNING * * *
The balrug completely misses you.
There is an exit through the horrors of the Abyss here.
Damage: 24 (max 24) Unknown command.
The Ice Fiend claws you!!
* * * LOW HITPOINT WARNING * * *
The Ice Fiend freezes you! You resist.
You die...

#### ########### #...
##.........## #..#
.##...........##
##..#####.......?......?###
..........................#
.#..#####.....612.62....###
###..# ....2.2@.2.6..##
#... ..⌠......2...## ####
..)..######### #... ###


You could see an Ice Fiend, a monstrous warmonger, 3 reapers, a balrug, a green
death, a monstrous blood saint, a shadow demon and a torturous demonspawn.

Vanquished Creatures
  the Royal Jelly (Slime:5)
  Dissolution (Slime:2)
  Mennas (Pan)
  4 pandemonium lords (Pan)
  Mara (Vaults:3)
  2 ancient liches
  A juggernaut (Depths:2)
  Sojobo (Crypt:3)
  Saint Roka (Crypt:3)
  Bai Suzhen (Depths:1)
  2 caustic shrikes (Depths:3)
  Nikola (Spider:1)
  the Enchantress (Depths:4)
  Jory (Depths:5)
  7 golden dragons
  3 bone dragons
  Arachne (Spider:4)
  5 Brimstone Fiends (Pan)
  A Tzitzimitl (Pan)
  Jorgrun (Vaults:5)
  An Ice Fiend (Pan)
  7 Hell Sentinels (Pan)
  4 tentacled monstrosities
  Asterion (Depths:1)
  4 quicksilver dragons
  A deep elf blademaster (Elf:3)
  A moon troll (WizLab)
  23 acid blobs
  10 liches
  5 titans
  4 deep elf master archers (Elf:3)
  5 sphinxes
  5 Executioners (Pan)
  9 tentacled starspawn
  Kirke (D:12)
  6 shadow dragons
  The ghost of dvd the Basher, an adept TrBe of Trog (Elf:1)
  3 ancient champions
  4 thorn hunters
  Agnes (Spider:4)
  13 fire giants
  2 daevas
  4 revenants
  2 nagarajas (Abyss:3)
  7 storm dragons
  12 tengu reavers
  Donald (Spider:1)
  A draconian knight (Depths:5)
  Roxanne (Depths:1)
  9 azure jellies (Slime:5)
  4 ghost moths (Spider:4)
  11 frost giants
  6 balrugs (Pan)
  13 vault wardens
  10 deep elf sorcerers
  3 orc warlords
  Aizul (Spider:4)
  3 corrupters (Pan)
  5 cacodemons
  2 warmongers (Pan)
  A curse skull (Crypt:2)
  Louise (Swamp:3)
  A draconian annihilator (Depths:5)
  6 emperor scorpions
  5 deep elf elementalists (Elf:3)
  An angel (Depths:4)
  9 ghouls
  10 spriggan defenders
  15 very ugly things
  7 ironheart preservers
  32 stone giants
  3 reapers
  Nessos (D:12)
  3 blood saints (Pan)
  7 war gargoyles
  9 vampire knights
  5 entropy weavers
  A green draconian (Depths:5)
  A purple draconian (Depths:5)
  4 lorocyprocas (Pan)
  14 deep elf demonologists
  4 black suns (Pan)
  9 deep elf annihilators
  A yellow draconian (Depths:5)
  5 dire elephants (Lair:6)
  A white draconian (Depths:5)
  A red draconian (Depths:5)
  Azrael (D:14)
  14 ettins
  A spark wasp (shapeshifter) (Vaults:5)
  3 spark wasps
  8 deep elf death magi
  An eidolon (Crypt:2)
  A black draconian (Depths:5)
  Snorg (Orc:1)
  8 death oozes (Slime:5)
  A fire dragon (shapeshifter) (Depths:3)
  A mummy priest (Elf:3)
  13 fire dragons
  A green death (Pan)
  3 jiangshi
  23 great orbs of eyes
  Josephine (D:10)
  3 crystal guardians (Crypt:3)
  7 rakshasas
  9 deep elf high priests
  Fannar (D:12)
  Harold (Lair:4)
  29 vault guards
  15 ice dragons
  25 yaktaur captains
  4 spriggan air magi
  19 hydras
  A quicksilver dragon skeleton (Depths:4)
  3 ghost crabs
  4 monstrous demonspawn (Pan)
  An anaconda (Lair:6)
  56 two-headed ogres
  2 death knights
  20 ogre magi
  8 centaur warriors
  5 deep troll shamans
  5 alligators
  6 death yaks
  The ghost of Potsanchik the Carver, a journeyman TeGl of Uskayaw (Bailey)
  5 tengu warriors
  6 vampire magi
  11 deep troll earth magi
  2 titan zombies
  4 thrashing horrors (Abyss:3)
  22 hell knights
  A queen ant (shapeshifter) (Depths:3)
  Urug (Lair:3)
  13 spriggan berserkers
  Sonja (D:12)
  29 deep elf knights
  41 dancing weapons
  11 orc high priests
  Nergalle (D:10)
  A fire crab (shapeshifter) (D:13)
  10 soul eaters
  21 sun demons (Pan)
  9 sixfirhies
  A titan skeleton (Depths:4)
  5 wretched stars
  34 skeletal warriors
  2 iron trolls
  2 spriggan druids
  An orange crystal statue (WizLab)
  25 deep trolls
  2 shambling mangroves (Swamp:4)
  13 glowing orange brains
  A deep troll (shapeshifter) (Depths:3)
  6 flayed ghosts
  An unseen horror (shapeshifter) (Vaults:2)
  7 unseen horrors
  6 shadow demons
  7 torturous demonspawn (Pan)
  6 gelid demonspawn (Pan)
  An anaconda skeleton (Crypt:1)
  7 swamp dragons
  A wolf spider zombie (D:15)
  A harpy (Vaults:4)
  7 infernal demonspawn (Pan)
  20 deep elf archers
  11 phantasmal warriors
  An orb spider (shapeshifter) (Vaults:3)
  A golden dragon skeleton (Vaults:5)
  2 wizards
  A lindwurm (shapeshifter) (Vaults:3)
  44 ugly things
  66 deep elf magi
  28 orb spiders
  18 necromancers
  15 orc knights
  12 ironbrand convokers
  A stone giant zombie (Crypt:3)
  2 manticores
  6 orc sorcerers
  An iron dragon zombie (Crypt:1)
  2 frost giant skeletons
  A salamander (Depths:5)
  A tengu skeleton (Depths:4)
  2 fire giant zombies (Crypt:3)
  36 wolf spiders
  2 wolf spiders (shapeshifter)
  A sphinx skeleton (Crypt:2)
  2 shining eyes
  8 oklob plants
  A frost giant zombie (Crypt:1)
  A faun (shapeshifter) (Depths:2)
  8 cyclopes
  4 centaur zombies
  A worldbinder (Abyss:3)
  6 black mambas
  27 elephants
  A moth of wrath (Spider:3)
  A fire giant skeleton (Crypt:1)
  3 guardian serpents (Abyss:3)
  A rust devil (Depths:5)
  2 apocalypse crabs (Abyss:3)
  A guardian serpent (shapeshifter) (Vaults:5)
  A stone giant skeleton (Crypt:3)
  4 torpor snails
  A water nymph (shapeshifter) (Depths:3)
  2 gargoyles
  12 smoke demons
  6 eyes of devastation
  15 vault sentinels
  20 spiny frogs
  A yaktaur zombie (Vaults:4)
  A hellion (Pan)
  52 yaktaurs
  A yaktaur (shapeshifter) (D:13)
  6 komodo dragons
  7 rime drakes
  3 orange demons
  A tormentor (Pan)
  21 demonic crawlers
  An ancient zyme (Abyss:3)
  An efreet (D:14)
  8 freezing wraiths
  2 kobold demonologists (Elf:3)
  5 hellwings
  6 small abominations
  A catoblepas skeleton (Crypt:3)
  A hydra zombie (Swamp:1)
  3 ice devils
  11 red devils
  5 tengu conjurers
  A green draconian skeleton (Crypt:2)
  A yaktaur skeleton (Vaults:5)
  7 trolls
  A harpy zombie (Crypt:3)
  42 jumping spiders
  7 polar bears
  84 slime creatures
  A meliai (shapeshifter) (D:15)
  A queen ant zombie (Crypt:2)
  45 hornets
  21 blink frogs
  A jumping spider (shapeshifter) (Vaults:3)
  3 dream sheep (shapeshifter)
  10 tyrant leeches
  An ice dragon zombie (Crypt:3)
  6 dream sheep
  15 hippogriffs
  11 bog bodies
  2 ettin zombies (Crypt:1)
  Sigmund (D:5)
  2 wyverns (shapeshifter)
  5 air elementals
  2 vampires
  An ice dragon skeleton (Crypt:1)
  39 flying skulls
  An ettin skeleton (Crypt:3)
  29 tarantellas
  A fire dragon skeleton (Crypt:1)
  17 wraiths
  A satyr skeleton (Crypt:2)
  83 redbacks
  A spriggan (shapeshifter) (Vaults:5)
  71 yaks
  2 shadows
  6 ynoxinuls
  21 spriggans
  12 water elementals
  2 wyverns
  6 fire elementals
  A basilisk (shapeshifter) (Depths:2)
  3 basilisks
  A steam dragon (Lair:4)
  3 golden eyes (WizLab)
  A golden eye (shapeshifter) (Vaults:4)
  10 vampire mosquitoes
  3 hungry ghosts
  7 chaos spawn
  2 deep troll zombies (Crypt:2)
  4 neqoxecs
  25 insubstantial wisps
  Edmund (D:4)
  27 swamp worms
  11 water moccasins
  11 large abominations
  3 acid dragons
  8 wargs
  3 hell hounds (D:14)
  Duvessa (D:5)
  A soldier ant (D:11)
  A floating eye (shapeshifter) (Depths:2)
  76 orc warriors
  7 porcupines
  12 swamp drakes
  3 sky beasts
  A swamp dragon zombie (Crypt:3)
  An ice beast (shapeshifter) (Depths:3)
  7 ice beasts
  A black bear (D:10)
  3 snapping turtle zombies
  34 starcursed masses
  3 hornet zombies
  6 necrophages
  17 boggarts
  An elephant zombie (Crypt:1)
  20 wolves
  An ettin simulacrum (Vaults:5)
  56 ogres
  4 phantoms
  6 eyes of draining
  A hog zombie (Crypt:2)
  6 centaurs
  A swamp dragon skeleton (Crypt:1)
  11 crocodiles
  A crocodile (shapeshifter) (Vaults:3)
  6 big kobolds
  2 earth elementals (Elf:1)
  31 bullfrogs
  Dowan (D:5)
  A gnoll sergeant (Orc:1)
  2 water moccasin zombies (Swamp:1)
  3 scorpions
  A scorpion (shapeshifter) (D:15)
  A human simulacrum (Vaults:4)
  6 killer bees (D:10)
  3 wights (Crypt:1)
  4 electric eels
  10 crimson imps
  2 jellies
  A bullfrog zombie (D:9)
  A bullfrog skeleton (D:9)
  48 orc wizards
  4 quasits
  42 orc priests
  6 centaur skeletons
  A hound (D:11)
  2 human skeletons
  4 iron imps
  8 iguanas
  10 worker ants
  2 yak simulacra (Lair:6)
  5 polar bear simulacra (Lair:6)
  3 wolf simulacra (Lair:6)
  A naga zombie (Crypt:1)
  2 crocodile zombies (Swamp:1)
  A sky beast zombie (Crypt:2)
  2 hound zombies
  3 worker ant zombies
  2 howler monkey skeletons
  4 gnolls
  16 adders
  3 shadow imps
  A steam dragon skeleton (Crypt:1)
  A white imp (Depths:4)
  9 oozes
  An adder skeleton (D:7)
  A worm (shapeshifter) (Vaults:5)
  A worm (D:2)
  A dart slug (D:4)
  6 leopard geckos
  208 orcs
  11 bats
  3 giant cockroaches
  7 goblins
  9 hobgoblins
  12 jackals
  11 quokkas
  2 ball pythons
  6 frilled lizards
  37 kobolds
  An orc skeleton (Crypt:1)
  A quokka skeleton (Crypt:1)
  8 rats
  A rat skeleton (Crypt:1)
  A river rat simulacrum (Lair:6)
  2 briar patches (Swamp:3)
  A crawling corpse (Elf:1)
  A lurking horror (Abyss:3)
  44 plants
  6 starspawn tentacles (WizLab)
3176 creatures vanquished.

Vanquished Creatures (collateral kills)
  A shining eye (Slime:3)
1 creature vanquished.

Vanquished Creatures (others)
  A warmonger (Pan)
  A deep elf knight (Vaults:4)
  A sixfirhy (Pan)
  A demonic crawler (Spider:3)
  A jumping spider (Spider:4)
  A bog body (Swamp:4)
  A water elemental (Depths:2)
  A yak (IceCv)
  2 humans (D:12)
  A chaos spawn (Pan)
  A swamp drake (Swamp:4)
  An orc warrior (Crypt:3)
  An orc (Orc:2)
  2 ball pythons (D:2)
  A bush (Lair:4)
  3 demonic plants (WizLab)
  21 fungi
  17 plants
  18 starspawn tentacles
76 creatures vanquished.

Grand Total: 3253 creatures vanquished

Notes
Turn   | Place    | Note
-------+----------+-------------------------------------------
     0 | D:1      | Gorice the Barachian Fighter began the quest for the Orb.
     0 | D:1      | Reached XP level 1. HP: 18/18 MP: 1/1
   172 | D:1      | Reached skill level 3 in Long Blades
   172 | D:1      | Reached XP level 2. HP: 9/24 MP: 2/2
   611 | D:1      | Upgraded the game from 0.20-a0-454-g2b43fbb to 0.20-a0-463-g5747544
   673 | D:1      | Reached XP level 3. HP: 24/29 MP: 3/3
   870 | D:1      | Reached skill level 4 in Long Blades
  1671 | D:2      | Reached XP level 4. HP: 34/35 MP: 4/4
  2123 | D:2      | Found a stormy altar of Qazlal.
  2271 | D:3      | Reached skill level 5 in Long Blades
  2286 | D:3      | Reached XP level 5. HP: 36/41 MP: 5/5
  2382 | D:3      | Found a shimmering altar of Xom.
  2463 | D:3      | Reached skill level 4 in Armour
  2626 | D:3      | Reached skill level 6 in Long Blades
  2626 | D:3      | Reached XP level 6. HP: 44/47 MP: 6/6
  2735 | D:3      | Found a shattered altar of Ashenzari.
  3744 | D:4      | Found a staircase to the Ecumenical Temple.
  3762 | Temple   | Entered the Ecumenical Temple
  3862 | D:4      | Got an ancient steel ring
  3863 | D:4      | Identified the ring of Vodka {*Slow Str+6 Int-4 Stlth-} (You found it on level 4 of the Dungeon)
  4011 | D:4      | Found an iron altar of Okawaru.
  4024 | D:4      | Became a worshipper of Warmaster Okawaru
  4148 | D:4      | Noticed Edmund
  4169 | D:4      | Killed Edmund
  4169 | D:4      | Reached skill level 7 in Long Blades
  4169 | D:4      | Reached skill level 5 in Armour
  4169 | D:4      | Reached XP level 7. HP: 48/52 MP: 7/7
  4314 | D:4      | Reached * piety under Okawaru
  4314 | D:4      | Reached skill level 8 in Long Blades
  4399 | D:4      | Found a hazy altar of Hepliaklqana.
  4720 | D:4      | You fall through a shaft!
  4720 | D:5      | Entered Level 5 of the Dungeon
  4721 | D:5      | Upgraded the game from 0.20-a0-463-g5747544 to 0.20-a0-464-g526fb3c
  4832 | D:5      | Reached skill level 6 in Armour
  4832 | D:5      | Reached skill level 1 in Invocations
  4832 | D:5      | Reached XP level 8. HP: 52/58 MP: 5/8
  5329 | D:5      | Found a radiant altar of Vehumet.
  6086 | D:5      | Noticed Dowan
  6088 | D:5      | Noticed Duvessa
  6265 | D:5      | Killed Duvessa
  6265 | D:5      | Reached skill level 9 in Long Blades
  6265 | D:5      | Reached skill level 2 in Invocations
  6289 | D:5      | Killed Dowan
  6405 | D:5      | Noticed Sigmund
  6415 | D:5      | Killed Sigmund
  6542 | D:6      | Reached ** piety under Okawaru
  6570 | D:6      | Reached skill level 7 in Armour
  6652 | D:6      | Found an ancient bone altar of Kikubaaqudgha.
  6747 | D:6      | Reached skill level 10 in Long Blades
  6972 | D:6      | Reached XP level 9. HP: 60/64 MP: 10/10
  7245 | D:7      | Noticed a hornet
  7257 | D:7      | Killed a hornet
  7690 | D:7      | Reached skill level 11 in Long Blades
  7908 | D:7      | Reached skill level 8 in Armour
  8076 | D:8      | Noticed a two-headed ogre
  8089 | D:8      | Killed a two-headed ogre
  8089 | D:8      | Reached skill level 12 in Long Blades
  8134 | D:8      | Found Zis Argh's Gadget Shop.
  8157 | D:8      | Found a staircase to the Lair.
  8459 | D:7      | Reached *** piety under Okawaru
  8471 | D:8      | Got a bloodstained leather armour
  8709 | D:8      | Reached XP level 10. HP: 58/70 MP: 11/11
  8813 | D:8      | Found a shimmering altar of Xom.
  8868 | D:8      | Found a sacrificial altar of Ru.
  9046 | D:8      | Reached skill level 9 in Armour
  9374 | Lair:1   | Entered Level 1 of the Lair of Beasts
  9889 | Lair:1   | Reached **** piety under Okawaru
 10181 | Lair:1   | Identified the +0 leather armour of Patience {*Drain +Inv rElec} (You found it on level 8 of the Dungeon)
 10244 | Lair:1   | Noticed a spiny frog
 10257 | Lair:1   | Killed a spiny frog
 10257 | Lair:1   | Reached skill level 13 in Long Blades
 10452 | Lair:1   | Noticed a black mamba
 10464 | Lair:1   | Killed a black mamba
 10713 | Lair:1   | Noticed a spiny frog
 10728 | Lair:1   | Killed a spiny frog
 10728 | Lair:1   | Reached skill level 10 in Armour
 11084 | Lair:1   | Reached ***** piety under Okawaru
 11253 | Lair:2   | Reached XP level 11. HP: 59/75 MP: 12/12
 11264 | Lair:2   | Reached skill level 14 in Long Blades
 11350 | Lair:2   | Reached skill level 11 in Armour
 11555 | Lair:2   | Reached skill level 4 in Fighting
 11555 | Lair:2   | Reached skill level 3 in Invocations
 11862 | Lair:2   | Received a gift from Okawaru
 11866 | Lair:2   | HP: 22/78 [rime drake/flash freeze (15)]
 11869 | Lair:2   | Reached skill level 4 in Invocations
 11888 | Lair:2   | Found a hole to the Spider Nest.
 12246 | Lair:2   | Reached skill level 5 in Fighting
 12251 | Lair:2   | HP: 12/79 [crocodile (12)]
 13334 | Lair:2   | Reached skill level 5 in Invocations
 13802 | Lair:1   | Reached skill level 6 in Fighting
 14107 | Lair:2   | Reached skill level 12 in Armour
 14432 | Lair:3   | Noticed Urug
 14471 | Lair:3   | Killed Urug
 14471 | Lair:3   | Reached skill level 6 in Invocations
 14520 | Lair:3   | Reached XP level 12. HP: 72/89 MP: 16/16
 14546 | Lair:3   | Got a scintillating zirconium amulet
 14572 | Lair:3   | Identified the amulet of Wigylear {rElec Regen+} (You found it on level 3 of the Lair of Beasts)
 14688 | Lair:3   | Reached skill level 7 in Fighting
 14978 | Lair:3   | Found a staircase to the Swamp.
 15108 | Lair:3   | Reached skill level 7 in Invocations
 15383 | Lair:3   | HP: 22/92 [elephant (14)]
 15627 | Lair:3   | Reached skill level 8 in Fighting
 15644 | Lair:3   | Reached ****** piety under Okawaru
 16054 | Lair:2   | Received a gift from Okawaru
 16114 | Lair:4   | Reached skill level 13 in Armour
 16114 | Lair:4   | Reached skill level 8 in Invocations
 16173 | Lair:4   | Noticed Harold
 16193 | Lair:4   | Killed Harold
 16193 | Lair:4   | Received a gift from Okawaru
 16421 | Lair:4   | Reached skill level 9 in Fighting
 16833 | Lair:4   | Upgraded the game from 0.20-a0-464-g526fb3c to 0.20-a0-470-gbb038bd
 16949 | Lair:4   | Gained mutation: You can hop longer distances. [Barachian growth]
 16949 | Lair:4   | Reached XP level 13. HP: 103/103 MP: 19/19
 17029 | Lair:4   | Reached skill level 10 in Fighting
 17291 | Lair:4   | Received a gift from Okawaru
 17291 | Lair:4   | Reached skill level 14 in Armour
 17296 | Lair:4   | Got a pair of heavily runed gloves {god gift}
 17334 | Lair:4   | Identified the +0 pair of gloves of the Moon {rPois rF- Int+3 Slay+5} (Okawaru gifted it to you on level 4 of the Lair of Beasts)
 17800 | Lair:5   | Found a staircase to the Slime Pits.
 18592 | Lair:5   | Reached skill level 11 in Fighting
 19159 | Lair:6   | Entered Level 6 of the Lair of Beasts
 19258 | Lair:6   | Found a frozen archway.
 19264 | Lair:6   | Reached skill level 15 in Armour
 19620 | IceCv    | Entered an ice cave
 19887 | IceCv    | Reached skill level 12 in Fighting
 20593 | Lair:5   | Received a gift from Okawaru
 20593 | Lair:5   | Reached XP level 14. HP: 108/116 MP: 20/20
 20600 | Lair:5   | Upgraded the game from 0.20-a0-470-gbb038bd to 0.20-a0-472-g5c05303
 21676 | Lair:6   | Reached skill level 14 in Fighting
 21676 | Lair:6   | Reached XP level 15. HP: 126/126 MP: 21/21
 21785 | Lair:1   | Identified a scroll of acquirement
 21857 | D:9      | Reached skill level 16 in Armour
 21899 | D:9      | Found an opulent altar of Gozag.
 22054 | D:9      | Found a blossoming altar of Fedhas.
 22208 | D:9      | Found a shadowy altar of Dithmenos.
 22458 | D:9      | Got a brightly glowing ring mail
 22516 | D:9      | Identified the +2 ring mail of Duty {MP+9 SInv} (You found it on level 9 of the Dungeon)
 22540 | D:10     | Entered Level 10 of the Dungeon
 22700 | D:10     | Noticed Josephine
 22816 | D:10     | Killed Josephine
 23056 | D:10     | Noticed Nergalle
 23066 | D:10     | Killed Nergalle
 24098 | D:11     | Found a staircase to the Orcish Mines.
 24142 | D:11     | Reached skill level 1 in Evocations
 24212 | D:11     | Reached skill level 15 in Fighting
 24333 | D:11     | Reached skill level 2 in Evocations
 24831 | Lair:5   | Reached skill level 15 in Long Blades
 25084 | Lair:2   | Received a gift from Okawaru
 25142 | Lair:2   | Reached skill level 3 in Evocations
 25568 | Orc:1    | Entered Level 1 of the Orcish Mines
 25755 | Orc:1    | --wow a +7 triple sword!
 25844 | Orc:1    | Noticed Snorg
 25856 | Orc:1    | Killed Snorg
 25986 | Orc:2    | Entered Level 2 of the Orcish Mines
 26251 | Orc:2    | Reached skill level 4 in Evocations
 26551 | Orc:1    | Noticed an orc warlord
 26642 | Orc:2    | Killed an orc warlord
 27048 | Orc:2    | Found a roughly hewn altar of Beogh.
 27120 | Orc:2    | Reached skill level 16 in Long Blades
 27214 | Orc:2    | Found Kouxzoaq's Book Emporium.
 27231 | Orc:2    | Found Keso's Armour Shoppe.
 27387 | Orc:2    | Upgraded the game from 0.20-a0-472-g5c05303 to 0.20-a0-492-g6327889
 27492 | Orc:2    | Reached skill level 5 in Evocations
 27508 | Orc:2    | Reached XP level 16. HP: 118/136 MP: 22/22
 28259 | Orc:2    | Received a gift from Okawaru
 28268 | Orc:2    | Got a pair of heavily runed gloves {god gift}
 28279 | Orc:2    | Identified the +1 pair of gloves of Napp {Regen+ SInv} (Okawaru gifted it to you on level 2 of the Orcish Mines)
 28438 | Orc:2    | Found Bixa's Book Boutique.
 28642 | Orc:2    | Found Nakk's Jewellery Shoppe.
 28661 | Orc:2    | Found a roughly hewn altar of Beogh.
 28768 | Orc:2    | Reached skill level 6 in Evocations
 28948 | Orc:2    | Found a staircase to the Elven Halls.
 29647 | Lair:6   | Reached skill level 17 in Long Blades
 29699 | Lair:6   | Got a scorched iron ring
 29707 | Lair:6   | Identified the ring of Fallacy {Int+5 SInv} (You found it on level 6 of the Lair of Beasts)
 30328 | Lair:6   | Got a scorched iron ring
 30330 | Lair:6   | Identified the ring of Desertification {rF- MR+ Slay+3 Stlth+} (You found it on level 6 of the Lair of Beasts)
 30556 | D:12     | Noticed Kirke
 30556 | D:12     | Noticed Sonja
 30657 | D:11     | Reached skill level 7 in Evocations
 30683 | D:11     | HP: 30/136 [skeletal warrior/trident[a skeletal warrior] (13)]
 30691 | D:11     | HP: 33/136 [skeletal warrior/trident[a skeletal warrior] (5)]
 30701 | D:11     | HP: 26/136 [skeletal warrior/trident[a skeletal warrior] (4)]
 30936 | D:12     | Noticed Fannar
 30962 | D:12     | Killed Fannar
 31057 | D:12     | Killed Sonja
 31099 | D:12     | Killed Kirke
 31118 | D:12     | Noticed Nessos
 31164 | D:12     | Killed Nessos
 31366 | D:13     | Received a gift from Okawaru
 31396 | D:13     | Reached skill level 18 in Long Blades
 31565 | D:13     | Got a dazzling chain mail
 31593 | D:13     | Reached skill level 8 in Evocations
 31600 | D:13     | Got an uncursed fine dagger {venom}
 31757 | D:13     | HP: 29/136 [??? (27)]
 31761 | D:13     | HP: 13/136 [death knight/great mace of crushing (4)]
 32554 | Lair:1   | Identified the +2 chain mail of Cloud Cover {rC+ Str-4 Int+7 Stlth+} (You found it on level 13 of the Dungeon)
 32564 | Lair:1   | Identified the +6 dagger "Arunuats" {venom, *Contam MP+9 Int+5} (You took it off a centaur warrior on level 13 of the Dungeon)
 32565 | Lair:1   | Gained mutation: You are frail. (-10% HP) [mutagenic glow]
 32754 | D:14     | Received a gift from Okawaru
 32755 | D:14     | Got a crystal double sword {god gift}
 32756 | D:14     | Identified the +4 double sword "Ylulot" {freeze, Int+3} (Okawaru gifted it to you on level 14 of the Dungeon)
 32759 | D:14     | Found a flagged portal.
 32825 | Bailey   | Entered a bailey
 32934 | Bailey   | Noticed Potsanchik's ghost (journeyman TeGl)
 32939 | Bailey   | Killed Potsanchik's ghost
 33325 | Bailey   | Reached XP level 17. HP: 127/127 MP: 23/23
 33373 | Bailey   | Found a roughly hewn altar of Beogh.
 33527 | D:14     | Found a blossoming altar of Fedhas.
 33574 | D:14     | Noticed Azrael
 33627 | D:14     | Killed Azrael
 33990 | D:14     | Found a gate to the Vaults.
 34272 | D:15     | Entered Level 15 of the Dungeon
 34281 | D:15     | Reached skill level 19 in Long Blades
 34494 | D:15     | Found a staircase to the Depths.
 34625 | D:15     | Received a gift from Okawaru
 35401 | Swamp:1  | Entered Level 1 of the Swamp
 35708 | Swamp:1  | Reached skill level 20 in Long Blades
 36217 | Swamp:1  | HP: 34/127 [hornet (5)]
 36217 | Swamp:1  | Paralysed by a hornet for 3 turns
 37262 | Swamp:3  | Received a gift from Okawaru
 37463 | Swamp:3  | Noticed Louise
 37493 | Swamp:2  | HP: 29/127 [thorn hunter/volley of thorns (24)]
 37597 | Swamp:3  | Killed Louise
 37757 | Swamp:3  | Reached skill level 21 in Long Blades
 38205 | Swamp:3  | Received a gift from Okawaru
 38205 | Swamp:3  | Reached XP level 18. HP: 127/134 MP: 24/24
 38489 | Swamp:3  | Reached skill level 1 in Throwing
 38872 | Spider:1 | Entered Level 1 of the Spider Nest
 38941 | Spider:1 | Noticed Nikola
 38966 | Spider:1 | Killed Nikola
 38966 | Spider:1 | Reached skill level 2 in Throwing
 39023 | Spider:1 | Noticed Donald
 39030 | Spider:1 | Killed Donald
 39030 | Spider:1 | Reached skill level 3 in Throwing
 39862 | Spider:1 | Reached skill level 4 in Throwing
 40424 | Spider:2 | Reached skill level 5 in Throwing
 40519 | Spider:1 | Reached skill level 22 in Long Blades
 40844 | Spider:2 | Reached skill level 6 in Throwing
 41173 | Spider:2 | You fall through a shaft!
 41466 | Spider:3 | Reached skill level 7 in Throwing
 41483 | Spider:3 | Received a gift from Okawaru
 41788 | Spider:3 | Reached skill level 8 in Throwing
 41972 | Spider:3 | Received a gift from Okawaru
 42327 | Spider:4 | Entered Level 4 of the Spider Nest
 42338 | Spider:4 | Reached skill level 9 in Throwing
 42345 | Spider:4 | Noticed Arachne
 42366 | Spider:4 | Killed Arachne
 42486 | Spider:4 | Reached XP level 19. HP: 125/139 MP: 25/25
 42572 | Spider:4 | HP: 41/139 [disintegration (31)]
 42577 | Spider:4 | HP: 36/139 [redback (10)]
 42750 | Spider:4 | Reached skill level 10 in Throwing
 42878 | Spider:4 | Noticed Aizul
 42898 | Spider:4 | Killed Aizul
 42966 | Spider:4 | Noticed Agnes
 42984 | Spider:4 | Killed Agnes
 43460 | Spider:4 | Received a gift from Okawaru
 43946 | Spider:4 | HP: 41/141 [redback (10)]
 43951 | Spider:4 | HP: 37/141 [poisoned by a wolf spider]
 43956 | Spider:4 | HP: 36/141 [poisoned by a wolf spider]
 43962 | Spider:4 | HP: 39/141 [poisoned by a wolf spider]
 43969 | Spider:4 | HP: 41/141 [poisoned by a wolf spider]
 44099 | Spider:4 | Reached skill level 16 in Fighting
 44099 | Spider:4 | Reached skill level 17 in Armour
 44290 | Spider:4 | Received a gift from Okawaru
 44397 | Spider:4 | Got a gossamer rune of Zot
 44828 | Swamp:4  | Entered Level 4 of the Swamp
 44896 | Swamp:4  | Received a gift from Okawaru
 45193 | Swamp:4  | Received a gift from Okawaru
 45194 | Swamp:4  | Got a smoking hand axe {god gift}
 45663 | Swamp:4  | Reached XP level 20. HP: 142/150 MP: 23/26
 45676 | Swamp:4  | Reached skill level 17 in Fighting
 45859 | Swamp:4  | Got a decaying rune of Zot
 45977 | Swamp:4  | Received a gift from Okawaru
 46162 | Lair:2   | Reached skill level 18 in Armour
 46376 | Vaults:1 | Entered Level 1 of the Vaults
 46553 | Vaults:1 | Found a flickering gateway to a bazaar.
 46559 | Bazaar   | Entered a bazaar
 46559 | Bazaar   | Found Fapol's Armour Boutique.
 46574 | Bazaar   | Found Ohouwamn's Distillery.
 46578 | Bazaar   | Bought a potion of cure mutation for 250 gold pieces
 46578 | Bazaar   | Bought a potion of heal wounds for 50 gold pieces
 46578 | Bazaar   | Bought a potion of cure mutation for 250 gold pieces
 46583 | Bazaar   | Found Udiyr Ywu's Book Shop.
 46595 | Bazaar   | Found Ipruissot's Antique Armour Boutique.
 46626 | Bazaar   | Bought a potion of resistance for 100 gold pieces
 46626 | Bazaar   | Bought a potion of resistance for 100 gold pieces
 46810 | Vaults:1 | --wow 2 !mut from bazarr and another 2 found here, thanks V1!
 46810 | Vaults:1 | Upgraded the game from 0.20-a0-492-g6327889 to 0.20-a0-502-g555d78b
 47014 | Vaults:1 | Received a gift from Okawaru
 48155 | Vaults:2 | Reached skill level 18 in Fighting
 48174 | Vaults:2 | Found a staircase to the Crypt.
 48402 | Vaults:2 | Found Wila's Jewellery Emporium.
 48421 | Vaults:2 | Reached skill level 19 in Armour
 48609 | Vaults:2 | Received a gift from Okawaru
 48610 | Vaults:2 | Got a distressingly furry buckler {god gift}
 49503 | Vaults:2 | Reached XP level 21. HP: 161/161 MP: 27/27
 49595 | Vaults:2 | Upgraded the game from 0.20-a0-502-g555d78b to 0.20-a0-507-gc86f373
 49679 | D:14     | Identified the +0 buckler of the Good {Int+5 Stlth+} (Okawaru gifted it to you on level 2 of the Vaults)
 50079 | Vaults:3 | Reached skill level 19 in Fighting
 50319 | Vaults:3 | Received a gift from Okawaru
 50660 | Vaults:3 | Found Zaud's Distillery.
 50664 | Vaults:3 | Bought a potion of haste for 140 gold pieces
 50664 | Vaults:3 | Bought a potion of haste for 140 gold pieces
 50664 | Vaults:3 | Bought a potion of heal wounds for 70 gold pieces
 50826 | Vaults:3 | Reached skill level 20 in Armour
 50969 | Vaults:3 | Identified the Reference Book on Talismans
 51443 | Vaults:4 | HP: 46/163 [yaktaur/bolt[a vault warden] (5)]
 51444 | Vaults:4 | HP: 22/163 [ogre mage/crystal spear (26)]
 51445 | Vaults:4 | HP: 7/163 [yaktaur/bolt (7)]
 51972 | Vaults:4 | Paralysed by a hornet for 2 turns
 51974 | Vaults:4 | Reached skill level 20 in Fighting
 52207 | Vaults:4 | Noticed Mara
 52216 | Vaults:4 | Noticed Gorice's illusion
 52309 | Vaults:3 | Received a gift from Okawaru
 52313 | Vaults:4 | Noticed Gorice's illusion
 52485 | Vaults:4 | Noticed Gorice's illusion
 52574 | Vaults:4 | Noticed Gorice's illusion
 53079 | Vaults:2 | Bought the ring "Taffaris" {rCorr rElec rN+ Dex+3} for 845 gold pieces
 53260 | Vaults:3 | Killed Mara
 53260 | Vaults:3 | Reached XP level 22. HP: 113/172 MP: 26/28
 53265 | Vaults:4 | Reached skill level 21 in Armour
 54288 | Crypt:1  | Entered Level 1 of the Crypt
 54398 | Crypt:1  | Received a gift from Okawaru
 54492 | Crypt:1  | Reached skill level 21 in Fighting
 54539 | Crypt:1  | Received a gift from Okawaru
 54557 | Crypt:1  | Got a pair of dazzling gloves {god gift}
 54568 | Crypt:1  | Identified the +1 pair of gloves of Limitation {rElec MR+++ MP-9 Str-3} (Okawaru gifted it to you on level 1 of the Crypt)
 55307 | Crypt:2  | HP: 43/174 [jiangshi (15)]
 55340 | Crypt:2  | HP: 43/174 [eidolon/bolt of negative energy (16)]
 55345 | Crypt:2  | HP: 43/174 [revenant] (2)]
 55358 | Crypt:2  | HP: 47/174 [skeletal warrior/long sword[a skeletal warrior] (4)]
 55993 | Crypt:3  | Entered Level 3 of the Crypt
 56020 | Crypt:3  | Reached skill level 22 in Armour
 56186 | Crypt:3  | Reached skill level 1 in Dodging
 56272 | Crypt:3  | Reached skill level 2 in Dodging
 56391 | Crypt:3  | Noticed Saint Roka
 56394 | Crypt:3  | Noticed an ancient lich
 56418 | Crypt:3  | Killed an ancient lich
 56418 | Crypt:3  | Reached skill level 3 in Dodging
 56430 | Crypt:3  | HP: 45/175 [Saint Roka/divine providence (12)]
 56604 | Crypt:3  | Received a gift from Okawaru
 56611 | Crypt:3  | Reached skill level 4 in Dodging
 56750 | Crypt:3  | Reached XP level 23. HP: 172/181 MP: 29/29
 56761 | Crypt:3  | Received a gift from Okawaru
 56815 | Crypt:3  | Reached skill level 5 in Dodging
 56844 | Crypt:3  | Reached skill level 22 in Fighting
 56936 | Crypt:3  | Reached skill level 6 in Dodging
 57004 | Crypt:3  | Received a gift from Okawaru
 57004 | Crypt:3  | Reached skill level 7 in Dodging
 57044 | Crypt:3  | Noticed Sojobo
 57078 | Crypt:3  | Killed Sojobo
 57078 | Crypt:3  | Reached skill level 8 in Dodging
 57083 | Crypt:3  | Received a gift from Okawaru
 57140 | Crypt:3  | Found a basalt altar of Yredelemnul.
 57219 | Crypt:3  | Killed Saint Roka
 57219 | Crypt:3  | Reached skill level 9 in Dodging
 57747 | Crypt:3  | Found a staircase to the Tomb.
 58223 | Elf:1    | Entered Level 1 of the Elven Halls
 58329 | Elf:1    | Reached skill level 10 in Dodging
 58673 | Elf:1    | Noticed dvd's ghost (adept TrBe)
 58684 | Elf:1    | Killed dvd's ghost
 58834 | Elf:1    | Got a pair of heavily runed gloves
 59227 | Elf:1    | You are sucked into a shaft!
 59264 | Elf:2    | Reached skill level 9 in Invocations
 59270 | Elf:2    | Found Ocisi's Food Boutique.
 59370 | Elf:2    | Reached skill level 11 in Dodging
 59388 | Elf:2    | Found a magical portal.
 59409 | Elf:2    | Identified the +0 pair of gloves of Ashenzari's Envy {Dex+3} (You found it on level 1 of the Elven Halls)
 59422 | WizLab   | Entered Lehudib's Moon Base
 59730 | WizLab   | Paralysed by accursed screaming for 1 turns
 59736 | WizLab   | Paralysed by accursed screaming for 1 turns
 60201 | WizLab   | Reached skill level 12 in Dodging
 60207 | WizLab   | Reached skill level 10 in Invocations
 60241 | WizLab   | Received a gift from Okawaru
 60251 | WizLab   | HP: 51/181 [starcursed mass/accursed screaming (10)]
 60251 | WizLab   | Paralysed by accursed screaming for 1 turns
 60449 | WizLab   | Reached XP level 24. HP: 176/188 MP: 30/30
 60490 | WizLab   | Got an iridescent great sword {god gift}
 60532 | WizLab   | Gained mutation: Potions are less effective at restoring your health. [a neqoxec]
 60535 | WizLab   | Gained mutation: You tend to lose your temper in combat. [a neqoxec]
 60684 | WizLab   | Identified the Guide on Enchanting Air
 60687 | WizLab   | Got a smoking brass amulet
 60688 | WizLab   | Identified the Compendium of Glacial Transformation
 60709 | WizLab   | Got a faintly glowing leather armour
 60740 | WizLab   | Identified Lehudib's Incunabulum of the Shifting Rocks
 60742 | WizLab   | Identified the +7 great sword "Exage Xuud" {slice, rPois rC+} (Okawaru gifted it to you in a wizard's laboratory)
 60754 | WizLab   | Identified the cursed +0 leather armour "Doink" {rN+ MR+ Slay-2} (You found it in a wizard's laboratory)
 60754 | WizLab   | Identified the amulet "Pucwid" {RegenMP rF+ MR+} (You found it in a wizard's laboratory)
 61335 | Elf:1    | HP: 52/188 [balrug/divine providence[a deep elf demonologist] (13)]
 61347 | Elf:1    | HP: 40/188 [sixfirhy[an orc high priest] (6)]
 61357 | Elf:1    | HP: 37/188 [deep elf knight/orb of energy (14)]
 62107 | Elf:1    | Reached skill level 13 in Dodging
 62224 | Elf:1    | Lost mutation: You are frail. (-10% HP) [potion of cure mutation]
 62224 | Elf:1    | Lost mutation: Potions are less effective at restoring your health. [potion of cure mutation]
 62224 | Elf:1    | Lost mutation: You tend to lose your temper in combat. [potion of cure mutation]
 62270 | Elf:1    | Received a gift from Okawaru
 62467 | Elf:2    | Found a runed gate.
 62467 | Elf:2    | Found a runed gate.
 62467 | Elf:2    | Found a runed gate.
 62486 | Elf:2    | Reached skill level 11 in Invocations
 62853 | Elf:2    | Received a gift from Okawaru
 62854 | Elf:2    | Got an ancient scimitar {god gift}
 62855 | Elf:2    | Identified the +1 scimitar "Weut" {freeze, Fragile rElec Str+2 Int+4} (Okawaru gifted it to you on level 2 of the Elven Halls)
 62996 | Elf:2    | HP: 61/209 [deep elf knight/short sword (5)]
 63001 | Elf:2    | HP: 58/209 [poisoned by a halberd of venom]
 63006 | Elf:2    | HP: 59/209 [poisoned by a halberd of venom]
 63011 | Elf:2    | HP: 61/209 [poisoned by a halberd of venom]
 63238 | Elf:2    | Reached skill level 14 in Dodging
 63702 | Elf:3    | Entered Level 3 of the Elven Halls
 63870 | Elf:3    | Found a deep blue altar of Sif Muna.
 63957 | Elf:3    | Got a pitted iron amulet
 63985 | Elf:3    | Identified the amulet "Ifam" {RegenMP rF- rN+++ Str+7 Dex-3} (You took it off a vampire mage on level 3 of the Elven Halls)
 64025 | Elf:3    | Identified the Grimoire of Creation
 64030 | Elf:3    | Identified Saysicao's Compendium of the Escort
 64338 | Elf:3    | Received a gift from Okawaru
 64531 | Elf:3    | Found a deep blue altar of Sif Muna.
 65023 | Elf:3    | Reached skill level 12 in Invocations
 65045 | Elf:3    | Received a gift from Okawaru
 65064 | Elf:3    | Reached skill level 15 in Dodging
 65067 | Elf:3    | Received a gift from Okawaru
 65424 | Elf:3    | HP: 49/210 [deep elf annihilator/iron shot (25)]
 65433 | Elf:3    | HP: 58/210 [red devil/trident[an orc high priest] (6)]
 65441 | Elf:3    | HP: 57/210 [deep elf elementalist/rapier of speed (6)]
 65448 | Elf:3    | HP: 41/210 [poisoned by a deep elf annihilator (poison arrow)]
 65453 | Elf:3    | HP: 42/210 [poisoned by a deep elf annihilator (poison arrow)]
 65460 | Elf:3    | HP: 44/210 [poisoned by a deep elf annihilator (poison arrow)]
 65468 | Elf:3    | Reached XP level 25. HP: 48/217 MP: 32/32
 65470 | Elf:3    | HP: 49/217 [poisoned by a deep elf annihilator (poison arrow)]
 65476 | Elf:3    | HP: 51/217 [poisoned by a deep elf annihilator (poison arrow)]
 65482 | Elf:3    | HP: 53/217 [poisoned by a deep elf annihilator (poison arrow)]
 65487 | Elf:3    | HP: 56/217 [poisoned by a deep elf annihilator (poison arrow)]
 65741 | Elf:3    | Reached skill level 9 in Evocations
 66091 | Elf:3    | Reached skill level 16 in Dodging
 66209 | Elf:3    | Identified the Collected Works on Enchantment
 66219 | Elf:3    | Got an ichor-stained ring mail
 66221 | Elf:3    | Got a spiked ring mail
 66286 | Elf:3    | Identified the +5 ring mail of Mezcal {rF++ Dex-4} (You found it on level 3 of the Elven Halls)
 66296 | Elf:3    | Identified the +1 ring mail "Ivokoyp" {rF+ Dex+3} (You found it on level 3 of the Elven Halls)
 66319 | Elf:3    | Identified A Thorough Guide to Witchery
 66322 | Elf:3    | Identified A Thorough Guide to Theurgy
 67453 | Depths:1 | Entered Level 1 of the Depths
 67453 | Depths:1 | Noticed Roxanne
 67453 | Depths:1 | Noticed Asterion
 67592 | Depths:1 | Killed Roxanne
 67696 | Depths:1 | Killed Asterion
 67712 | Depths:1 | Identified Roxanne's Volume of Transformation (You took it off Roxanne on level 1 of the Depths)
 68159 | Depths:1 | Reached skill level 10 in Evocations
 68256 | Depths:1 | Received a gift from Okawaru
 68329 | Depths:1 | Noticed Bai Suzhen
 68358 | Depths:1 | Killed Bai Suzhen
 68738 | Depths:1 | Found a one-way gate to the infinite horrors of the Abyss.
 68748 | Depths:1 | Reached skill level 17 in Dodging
 68846 | Depths:1 | Found a gateway to Hell.
 69604 | Depths:2 | HP: 55/217 [fire giant/great sword of flaming (12)]
 69628 | Depths:2 | HP: 55/217 [centaur warrior (6)]
 69638 | Depths:2 | Reached skill level 11 in Evocations
 69639 | Depths:2 | HP: 56/217 [slime creature (3)]
 69854 | Depths:2 | Noticed a juggernaut
 69870 | Depths:2 | Killed a juggernaut
 69953 | Depths:2 | Reached skill level 18 in Dodging
 70106 | Depths:2 | Received a gift from Okawaru
 70124 | Depths:2 | Reached XP level 26. HP: 154/224 MP: 32/32
 70137 | Depths:2 | HP: 57/224 [elephant[a spriggan berserker] (19)]
 70139 | Depths:2 | HP: 27/224 [frost giant/battleaxe of freezing (3)]
 70551 | Depths:2 | Reached skill level 12 in Evocations
 70694 | Depths:2 | Received a gift from Okawaru
 70803 | Depths:2 | Reached skill level 11 in Throwing
 72155 | Depths:3 | Reached skill level 13 in Evocations
 72584 | Depths:3 | Found a one-way gate leading to the halls of Pandemonium.
 72645 | Depths:3 | Reached skill level 23 in Armour
 72656 | Depths:3 | Received a gift from Okawaru
 72664 | Depths:3 | HP: 44/224 [lich/lance of force (27)]
 73142 | Depths:3 | Reached skill level 24 in Armour
 73198 | Depths:3 | HP: 64/224 [spark wasp (illusionary)/living lightning (7)]
 73583 | Depths:4 | Received a gift from Okawaru
 73707 | Depths:4 | Reached skill level 14 in Evocations
 73969 | Depths:4 | Got warped pearl dragon scales
 74004 | Depths:4 | Identified the cursed +1 pearl dragon scales of the Pits of Slime {*Contam +Inv rPois rN+ Regen+} (You took it off a daeva on level 4 of the Depths)
 74010 | Depths:4 | Gained mutation: [Scrolls take you a little longer to read.] [mutagenic glow]
 74174 | Depths:3 | Reached XP level 27. HP: 117/231 MP: 33/33
 74333 | Depths:4 | Reached skill level 12 in Throwing
 74407 | Depths:4 | Received a gift from Okawaru
 74413 | Depths:4 | Found Sejos's Jewellery Shoppe.
 74814 | Depths:4 | Received a gift from Okawaru
 74978 | Depths:4 | Found a corrupted altar of Lugonu.
 75755 | Depths:5 | Entered Level 5 of the Depths
 75764 | Depths:5 | Reached skill level 15 in Evocations
 75874 | Depths:5 | Noticed the Enchantress
 75978 | Depths:4 | Killed the Enchantress
 75978 | Depths:4 | Received a gift from Okawaru
 75993 | Depths:4 | Got faerie dragon scales
 75996 | Depths:4 | Identified the +3 faerie dragon scales {rCorr Str+5} (You took it off the Enchantress on level 4 of the Depths)
 76005 | Depths:5 | Reached skill level 13 in Throwing
 76179 | Depths:5 | Received a gift from Okawaru
 76532 | Depths:5 | Noticed Jory
 76542 | Depths:5 | Killed Jory
 76637 | Depths:5 | Reached skill level 16 in Evocations
 76765 | Depths:5 | Received a gift from Okawaru
 76899 | Depths:5 | Found a gate to the Realm of Zot.
 76920 | Depths:5 | Reached skill level 14 in Throwing
 76962 | Depths:5 | Received a gift from Okawaru
 76963 | Depths:5 | Got a smoking cloak {god gift}
 76997 | Depths:5 | Identified the +3 cloak of the Arcane {rElec rPois rC+} (Okawaru gifted it to you on level 5 of the Depths)
 77296 | Depths:5 | Found a gateway to a ziggurat.
 77852 | Vaults:5 | Entered Level 5 of the Vaults
 78031 | Vaults:4 | Cast into level 3 of the Abyss (tengu reaver)
 78056 | Vaults:4 | Escaped the Abyss
 78394 | Vaults:5 | Reached skill level 19 in Dodging
 78732 | Vaults:5 | Reached skill level 15 in Throwing
 79270 | Vaults:5 | Received a gift from Okawaru
 79453 | Vaults:5 | Got a silver rune of Zot
 79483 | Vaults:5 | Received a gift from Okawaru
 79585 | Vaults:5 | Reached skill level 20 in Dodging
 79592 | Vaults:5 | Reached skill level 16 in Throwing
 79801 | Vaults:5 | Found Ilokhoni's Book Shoppe.
 79801 | Vaults:5 | Found Gadghil's Antique Armour Shop.
 79884 | Vaults:5 | Found Puyreath's Antique Armour Emporium.
 79884 | Vaults:5 | Found Ethrirhudgh's Magic Scroll Shop.
 79891 | Vaults:5 | Bought a pair of steaming boots for 370 gold pieces
 79936 | Vaults:5 | Noticed Jorgrun
 79950 | Vaults:5 | Killed Jorgrun
 80111 | Vaults:5 | Got a fine golden ring
 80135 | Vaults:4 | Identified the +1 pair of boots of the Game Afoot {rF+ rN+ Regen+} (You bought it in a shop on level 5 of the Vaults)
 80168 | Vaults:5 | Bought a scroll of blinking for 172 gold pieces
 80168 | Vaults:5 | Bought a scroll of teleportation for 69 gold pieces
 80168 | Vaults:5 | Bought a scroll of fog for 46 gold pieces
 80292 | Vaults:5 | Noticed an ancient lich
 80304 | Vaults:5 | Killed an ancient lich
 80304 | Vaults:5 | Received a gift from Okawaru
 80304 | Vaults:5 | Reached skill level 21 in Dodging
 80663 | Lair:1   | Identified the ring "Bak Tya" {*Tele +Inv Str-5 Dex-4 Stlth+} (You took it off a yaktaur captain on level 5 of the Vaults)
 80786 | Slime:1  | Entered Level 1 of the Pits of Slime
 80909 | Lair:1   | Learned a level 1 spell: Apportation
 80911 | Lair:1   | Learned a level 1 spell: Summon Butterflies
 80914 | Lair:1   | Learned a level 2 spell: Repel Missiles
 80917 | Lair:1   | Learned a level 2 spell: Swiftness
 80921 | Lair:1   | Learned a level 3 spell: Portal Projectile
 80925 | Lair:1   | Learned a level 3 spell: Regeneration
 80929 | Lair:1   | Learned a level 3 spell: Lesser Beckoning
 80933 | Lair:1   | Learned a level 3 spell: Spectral Weapon
 81100 | Slime:2  | Reached skill level 1 in Summonings
 81112 | Slime:2  | Noticed Dissolution
 81123 | Slime:2  | Killed Dissolution
 81123 | Slime:2  | Reached skill level 3 in Summonings
 81127 | Slime:2  | Reached skill level 4 in Summonings
 81200 | Slime:3  | Reached skill level 5 in Summonings
 81414 | Slime:5  | Entered Level 5 of the Pits of Slime
 81591 | Slime:5  | Received a gift from Okawaru
 81591 | Slime:5  | Reached skill level 6 in Summonings
 81756 | Slime:5  | Received a gift from Okawaru
 81829 | Slime:5  | Gained mutation: You have large cloven feet. [a shining eye]
 81835 | Slime:5  | Reached skill level 7 in Summonings
 81877 | Slime:5  | Noticed the Royal Jelly
 81944 | Slime:5  | Killed the Royal Jelly
 81944 | Slime:5  | Received a gift from Okawaru
 81944 | Slime:5  | Reached skill level 22 in Dodging
 81944 | Slime:5  | Reached skill level 8 in Summonings
 81945 | Slime:5  | Got a scorched plate armour {god gift}
 81951 | Slime:5  | HP: 62/231 [death ooze[the Royal Jelly] (15)]
 81957 | Slime:5  | HP: 58/230 [acid[the Royal Jelly] (2)]
 81964 | Slime:5  | HP: 65/231 [acid blob[the Royal Jelly] (8)]
 81969 | Slime:5  | HP: 52/231 [azure jelly[the Royal Jelly] (3)]
 82006 | Slime:5  | HP: 67/231 [acid[the Royal Jelly] (8)]
 82200 | Slime:5  | Got a slimy rune of Zot
 82224 | Slime:5  | Identified the Reference Book on Hurtful Transmigration
 82235 | Slime:5  | Got a dazzling chain mail
 82244 | Slime:5  | Got an ancient plate armour
 82258 | Slime:5  | Identified Rybrunn's Reference Book on Poison and Air
 82272 | Slime:5  | Identified Jigroda's Incunabulum of Conjuration and Companions
 82381 | Slime:5  | Identified the +7 plate armour of Contentment {Dex+6} (Okawaru gifted it to you on level 5 of the Pits of Slime)
 82383 | Slime:5  | Identified the cursed +0 plate armour of True Grit {+Blink} (You found it on level 5 of the Pits of Slime)
 82386 | Slime:5  | Identified the +6 chain mail of Roipuiwkui {rN+ Int+2 Dex+2} (You found it on level 5 of the Pits of Slime)
 82412 | Slime:5  | Reached skill level 1 in Spellcasting
 82709 | Lair:1   | Upgraded the game from 0.20-a0-507-gc86f373 to 0.20-a0-513-g02c11fc
 82880 | Depths:1 | Voluntarily entered the Abyss.
 82880 | Abyss:1  | Found a corrupted altar of Lugonu.
 83048 | Abyss:2  | Found a corrupted altar of Lugonu.
 83088 | Abyss:3  | Reached skill level 9 in Summonings
 83105 | Abyss:3  | Reached skill level 2 in Spellcasting
 83208 | Abyss:3  | Got an abyssal rune of Zot
 83262 | Depths:1 | Escaped the Abyss
 83642 | Pan      | Entered Pandemonium
 83709 | Pan      | Found an exit through the horrors of the Abyss.
 83737 | Pan      | Reached skill level 3 in Spellcasting
 83758 | Pan      | Reached skill level 10 in Summonings
 83937 | Pan      | Noticed Mennas
 83988 | Pan      | Killed Mennas
 84052 | Pan      | Reached skill level 4 in Spellcasting
 84135 | Pan      | Reached skill level 11 in Summonings
 84163 | Pan      | Reached skill level 1 in Translocations
 84218 | Pan      | Reached skill level 2 in Translocations
 84302 | Pan      | Noticed Loev the pandemonium lord
 84331 | Pan      | Killed Loev the pandemonium lord
 84331 | Pan      | Reached skill level 3 in Translocations
 84386 | Pan      | Reached skill level 5 in Spellcasting
 84386 | Pan      | Reached skill level 4 in Translocations
 84417 | Pan      | Received a gift from Okawaru
 84418 | Pan      | Got a polished short sword {god gift}
 84454 | Pan      | Reached skill level 5 in Translocations
 84738 | Pan      | Reached skill level 6 in Translocations
 84746 | Pan      | Noticed Fafuf the pandemonium lord
 84754 | Pan      | Killed Fafuf the pandemonium lord
 84754 | Pan      | Reached skill level 6 in Spellcasting
 84773 | Pan      | Reached skill level 7 in Translocations
 85003 | Pan      | Reached skill level 8 in Translocations
 85052 | Pan      | Reached skill level 7 in Spellcasting
 85069 | Pan      | Noticed Fehuucs the pandemonium lord
 85089 | Pan      | Killed Fehuucs the pandemonium lord
 85089 | Pan      | Received a gift from Okawaru
 85089 | Pan      | Reached skill level 9 in Translocations
 85102 | Pan      | beem: I am beem. For help, type: !beem help
 85103 | Pan      | Gained mutation: You are dopey. (Int -2) [a neqoxec]
 85170 | Pan      | Found an exit through the horrors of the Abyss.
 85212 | Pan      | Received a gift from Okawaru
 85373 | Pan      | Reached skill level 10 in Translocations
 85502 | Pan      | Reached skill level 8 in Spellcasting
 85545 | Pan      | Noticed Dejaeromp the pandemonium lord
 85571 | Pan      | Killed Dejaeromp the pandemonium lord
 85599 | Pan      | Reached skill level 11 in Translocations
 85771 | Pan      | Got a scorched cloak
 85782 | Pan      | Identified the +1 cloak of Cheibriados's Reproof {Str+2} (You acquired it in Pandemonium)
 85819 | Pan      | Gained mutation: You are weak. (Str -2) [a cacodemon]
 85856 | Pan      | Gained mutation: You are very dopey. (Int -4) [a cacodemon]
 85867 | Pan      | Gained mutation: You are frail. (-10% HP) [a cacodemon]
 85893 | Pan      | HP: 60/207 [sixfirhy[a cacodemon] (7)]
 85899 | Pan      | Received a gift from Okawaru
 85899 | Pan      | HP: 56/207 [poisoned by a gelid warmonger]
 85905 | Pan      | HP: 48/207 [monstrous demonspawn (2)]
 85915 | Pan      | Reached skill level 9 in Spellcasting
 85916 | Pan      | HP: 54/207 [poisoned by a gelid warmonger]
 86054 | Pan      | Reached skill level 12 in Translocations
 86093 | Pan      | HP: 60/207 [monstrous demonspawn (10)]
 86099 | Pan      | HP: 54/207 [poisoned by a green death (poison arrow)]
 86104 | Pan      | HP: 59/207 [poisoned by a green death (poison arrow)]
 86112 | Pan      | HP: 55/207 [smoke demon/divine providence (12)]
 86115 | Pan      | HP: 23/207 [infernal demonspawn/demon blade of draining (5)]
 86122 | Pan      | HP: 42/207 [smoke demon/divine providence (15)]
 86130 | Pan      | HP: 45/207 [infernal blood saint/fireball (1)]
 86141 | Pan      | HP: 42/207 [cherub/stone (10)]
 86145 | Pan      | Found an exit through the horrors of the Abyss.
 86149 | Pan      | HP: 41/207 [balrug/divine providence (13)]
 86150 | Pan      | HP: 9/207 [Ice Fiend (20)]
 86150 | Pan      | Slain by an Ice Fiend

Vault maps used:
D:1:      dpeg_arrival_concentric_ovals, serial_co_window_serial,
          co_window_paths_a, co_window_corner_a, co_window_corner_a,
          co_window_paths_b, co_window_paths_b, co_window_paths_c,
          co_window_broadway_c, co_window_of_opportunity_c, co_window_sun,
          co_window_paths_d, minmay_cut_off
D:2:      cheibrodos_helix_gallery, nicolae_qazlal_eye_of_the_storm
D:3:      marbit_many_paths, first_bread, led_xom_imps
D:4:      okawaru_metal_pillars_3, kennysheep_little_box, minmay_crystal_room,
          uniq_edmund
D:5:      nicolae_overflow_hidden_temple, uniq_duvessa, uniq_sigmund
D:6:      lemuel_doored_altar
D:8:      lemuel_coloured_pillars_altar, nicolae_overflow_crystal_walls,
          lair_entry_dummy, serial_shops, kennysheep_mini, minivault_1
D:9:      grunt_dithmenos_smoke, lemuel_crystal_altar, old_standard_altar
D:10:     uniq_josephine, uniq_nergalle
D:11:     orc_0_dummy, kennysheep_generic_room_15
D:12:     uniq_fannar, uniq_kirke, uniq_nessos, uniq_sonja
D:13:     the_bakery
D:14:     erik_vaults_1, enter_bailey_2, fedhas_altar_4, minmay_misc_feat_alley,
          uniq_azrael
D:15:     grunt_enter_depths_giant_problem, hangedman_decor_points,
          bh_walls_and_bars
Temple:   jpeg_temple_alley_garden
Lair:2:   minmay_lair_oklob_tunnel, dummy_spider_entry, grunt_megastairs_4
Lair:3:   nicolae_swamp_entry_splash_gauntlet, st_stairs_7, uniq_urug
Lair:4:   guppyfry_lair_drakes, uniq_harold
Lair:5:   nicolae_slime_entry_slimehenge, st_stairs_13,
          minmay_lair_oklob_chamber, grunt_megastairs_5
Lair:6:   due_jungle_book, portal_ice_cave_rime, eino_house_with_fridge
Swamp:1:  hangedman_swamp_ruin_wall, swamp_pool1, nicolae_swamp_necromancer_hut
Swamp:2:  evilmike_swamp_ruin_house_4
Swamp:3:  evilmike_swamp_ruin_rubble_2, swamp_pool4, uniq_louise
Swamp:4:  swamp_basic_johnstein
Spider:1: spider_trap, uniq_donald, uniq_nikola
Spider:2: hangedman_spider_trapstep, nicolae_spider_cling_halls
Spider:4: guppyfry_spider_rune, uniq_aizul, uniq_agnes, uniq_arachne
Slime:2:  uniq_dissolution
Slime:4:  dissolution_awaits
Orc:1:    sword_in_stone, uniq_snorg
Orc:2:    pubby_orc_utopia
Elf:1:    elf_arrival_002, orc_legates
Elf:2:    mu_enter_wizlab_6, serial_shops, shop_fountains
Elf:3:    minmay_elf_hall_four_x, basic_altar, minmay_misc_feat_rows,
          dk_noncrumbling_4, minivault_4, hangedman_summoners_spam
Vaults:1: dpeg_vaults_monster_box, grunt_vaults_funnel, grunt_vaults_twisty,
          vaults_room_fours, vaults_room_door_hall, hangedman_vaults_slice,
          serial_shops, bzr_entry_safe
Vaults:2: vaults_mumra_chevron_long, v_rooms_1, ontoclasm_vaults_gallery,
          nicolae_vaults_what_the_h, minmay_crypt_entry_simple_walls,
          ontoclasm_vaults_eye, v_pattern_2, v_misc_30, hangedman_vaults_trim,
          hangedman_vaults_corner_blocks, nicolae_vaults_angled_halls,
          stair_cage_open, serial_shops, nicolae_shop_waterfront
Vaults:3: grunt_vaults_trifunnel, nicolae_vaults_little_ls, st_squares,
          vaults_dpeg_diagonal, v_misc_13, v_misc_17, v_alt_pattern_3,
          nicolae_vaults_angled_halls, nicolae_vaults_asterisk,
          vaults_mumra_hexcomb, ontoclasm_vaults_gateway, serial_shops, shop
Vaults:4: v_alt_pattern_6, v_alt_pattern_1, nicolae_vaults_network_quincunx,
          nicolae_vaults_little_squares_4, nicolae_vaults_ring_of_whatevers,
          nicolae_vaults_three_branches, hangedman_vaults_variations,
          hangedman_vaults_cutoff, nicolae_vaults_border_crossing, v_misc_8,
          v_misc_19, vaults_room_pools, uniq_mara
Vaults:5: serial_shops, uniq_jorgrun
Crypt:3:  cryptofortress_bobbens, uniq_sojobo, uniq_saint_roka
Depths:1: hangedman_geh_valley, serial_glass, glass_columns_a, glass_columns_a,
          glass_columns_a, glass_columns_b, glass_columns_a, glass_columns_c,
          glass_columns_a, glass_columns_a, glass_columns_a, glass_columns_c,
          minmay_room_of_horrors, dpeg_stationary_puzzle, uniq_bai_suzhen,
          uniq_asterion
Depths:2: grunt_bent_corner, abyss_entry, hell_entry,
          kennysheep_underground_church, basic_stair_grate_trap
Depths:3: evilmike_inaccessible_box, pan_entry, abyss_entry_crystal,
          grunt_decor_clamped, hangedman_coc_ice_floe
Depths:4: abrahamwl_protected_by_tso_1, abyss_entry_flame_altar, serial_shops,
          shop, grunt_pan_entry_spiral, minmay_misc_feat_four_crosses,
          hell_entry, lemuel_nasty_fountain, infiniplex_staircase_zigzag_2
Depths:5: grunt_zot_entry_tricorne, enter_ziggurat_f, rand_demon_pan_entry_3,
          hell_entry, minmay_crystal_water, hangedman_abyss_entry_splay,
          uniq_jory, uniq_enchantress
Abyss:1:  hangedman_abyss_or_decor_slice
Abyss:2:  hangedman_illusive_loot
Abyss:3:  grunt_abyss_rune_forest_and_sorcery, minivault_24,
          nicolae_abyss_rune_left_handed, due_exit_kobolds
Pan:      evilmike_mini_pan_doors, nicolae_pan_glass_arcs, uniq_mennas_pan,
          pan_blood_fountain, grunt_pan_zigzag, evilmike_mini_pan_layers,
          rand_demon_1, evilmike_mini_pan_other_thingy,
          pan_blood_fountain_small, evilmike_mini_pan_pillars,
          evilmike_mini_pan_pillars, evilmike_mini_pan_corridor,
          pan_blood_fountain
Bazaar:   bazaar_kb_twisted_cavern
Bailey:   bailey_polearm_2, bailey
IceCv:    ice_cave_caverns_02
WizLab:   wizlab_lehudib

Skill      XL: |  1  2  3  4  5  6  7  8  9 10 11 12 13 14 15 16 17 18 19 20 21 22 23 24 25 26 27 |
---------------+----------------------------------------------------------------------------------+-----
Long Blades    | 3 4 5 6 7 8 10 12 13 14 16 18 21 22 | 22.0
Armour         | 4 5 6 7 8 10 12 13 15 16 17 19 20 22 24 | 24.3
Invocations    | 1 2 6 8 10 12 | 12.4
Fighting       | 6 9 12 14 15 16 18 20 21 22 | 22.0
Evocations     | 5 8 11 14 16 | 16.0
Throwing       | 9 10 11 16 | 16.0
Dodging        | 4 12 15 18 22 | 22.0
Summonings     | 11 | 11.0
Spellcasting   | 9 |  9.3
Translocations | 12 | 12.3
Shields        | |  3.0

Action                   |  1- 3 |  4- 6 |  7- 9 | 10-12 | 13-15 | 16-18 | 19-21 | 22-24 | 25-27 || total
-------------------------+-------+-------+-------+-------+-------+-------+-------+-------+-------++-------
Melee: Long sword        |   100 |    31 |   401 |   841 |  1841 |   934 |       |       |       ||  4148
       Dagger            |    18 |   234 |     4 |       |       |       |       |       |       ||   256
       Hand axe          |       |       |       |       |     3 |       |       |       |       ||     3
       Double sword      |       |       |       |       |       |  1238 |   396 |       |       ||  1634
       Scimitar          |       |       |       |       |       |    37 |       |       |       ||    37
       Triple sword      |       |       |       |       |       |       |  1196 |  1744 |  3292 ||  6232
       Great sword       |       |       |       |       |       |       |    43 |       |       ||    43
 Fire: Blowgun           |       |       |       |       |       |     6 |       |       |       ||     6
Throw: Stone             |    10 |     1 |     8 |     7 |       |       |       |       |       ||    26
       Tomahawk          |     9 |    15 |    18 |    15 |    21 |    71 |    56 |       |       ||   205
       Javelin           |       |     1 |    18 |    21 |    18 |     1 |    28 |    18 |    88 ||   193
       Throwing net      |       |       |       |     1 |       |     1 |       |       |       ||     2
 Cast: Summon Butterflie |       |       |       |       |       |       |       |       |     6 ||     6
       Portal Projectile |       |       |       |       |       |       |       |       |     2 ||     2
Invok: Heroism           |       |       |     7 |    12 |    13 |    23 |    12 |    15 |    28 ||   110
       Finesse           |       |       |       |     1 |     2 |     1 |     2 |     6 |     9 ||    21
 Abil: Hop               |     1 |       |       |     3 |     1 |     1 |     2 |       |     9 ||    17
       Evoke Invisibilit |       |       |       |       |     2 |       |     2 |       |       ||     4
       Stop Flying       |       |       |       |       |       |       |       |     1 |     1 ||     2
       Evoke Flight      |       |       |       |       |       |       |       |       |     1 ||     1
Evoke: Wand              |       |       |       |       |     2 |    33 |     4 |     1 |     6 ||    46
       Sack of spiders   |       |       |       |       |       |       |       |       |     1 ||     1
  Use: Scroll            |     1 |     9 |     8 |     6 |     9 |    11 |    14 |    13 |    35 ||   106
       Potion            |       |       |       |     1 |     1 |     2 |     1 |     3 |     8 ||    16
 Stab: Invisible         |       |       |       |       |     5 |       |     3 |       |       ||     8
       Confused          |       |       |       |       |       |     4 |       |       |       ||     4
       Paralysed         |       |       |       |       |       |     1 |       |       |     2 ||     3
       Distracted        |       |       |       |       |       |       |     2 |     1 |       ||     3
  Eat: Chunk             |     3 |     9 |    17 |    28 |    35 |    38 |    36 |    21 |    52 ||   239
       Royal jelly       |       |       |       |     1 |       |       |       |       |       ||     1
       Bread ration      |       |       |       |       |     1 |     2 |       |     3 |     2 ||     8
       Buggy             |       |       |       |       |     1 |     1 |     1 |       |       ||     3
       Meat ration       |       |       |       |       |       |     2 |     1 |     2 |     4 ||     9
Armor: Scale mail        |    61 |       |       |       |       |       |       |       |       ||    61
       Chain mail        |     4 |   107 |   179 |   337 |    95 |       |       |       |       ||   722
       Plate armour      |       |       |       |       |   272 |       |       |       |       ||   272
       Gold dragon scale |       |       |       |       |   634 |  1919 |  1690 |  1479 |  2890 ||  8612
Dodge: Dodged            |    23 |    32 |    58 |   132 |   200 |   213 |   370 |   675 |  2463 ||  4166
Block: Shield            |    59 |    82 |   139 |   283 |   617 |   886 |   181 |       |       ||  2247
       Reflection        |       |       |       |       |       |     1 |       |       |       ||     1
       Rpst.: Long sword |    10 |     1 |    22 |    42 |    54 |    15 |       |       |       ||   144
       Double sword      |       |       |       |       |       |    25 |    14 |       |       ||    39
       Triple sword      |       |       |       |       |       |       |    61 |   178 |   462 ||   701
       Great sword       |       |       |       |       |       |       |     4 |       |       ||     4

Table legend:
 A = Turns spent in this place as a percentage of turns spent in the entire game.
 B = Non-inter-level travel turns spent in this place as a percentage of non-inter-level travel turns spent in the entire game.
 C = Inter-level travel turns spent in this place as a percentage of turns spent in this place.
 D = Turns resting spent in this place as a percentage of non-inter-level travel turns spent in this place.
 E = Turns spent auto-exploring this place as a percentage of non-inter-level travel turns spent in this place.
 F = Non-inter-level travel turns spent in this place divided by the number of levels of this place that you've seen.
                   A       B       C       D       E      F
               +-------+-------+-------+-------+-------+----------------------
         Total | 100.0 | 100.0 |   0.6 |   2.4 |   2.8 | 592.6
       Dungeon |  15.3 |  15.2 |   0.9 |   2.0 |   6.0 | 420.7
        Temple |   0.1 |   0.1 |   2.4 |   0.0 |   0.0 |  40.0
          Lair |  14.7 |  14.5 |   1.3 |   2.5 |   2.1 | 1005.7
         Swamp |   5.4 |   5.4 |   0.2 |   2.8 |   5.5 | 563.5
   Spider Nest |   7.1 |   7.1 |   0.3 |   3.6 |   2.9 | 737.5
    Slime Pits |   2.7 |   2.7 |   0.4 |   4.1 |   0.2 | 224.0
  Orcish Mines |   7.4 |   7.4 |   0.6 |   1.6 |   0.7 | 1534.5
   Elven Halls |   7.3 |   7.3 |   0.6 |   2.1 |   2.4 | 1011.0
        Vaults |  14.3 |  14.4 |   0.4 |   2.5 |   1.7 | 1190.8
         Crypt |   4.5 |   4.5 |   0.4 |   1.7 |   3.7 | 618.7
        Depths |  10.6 |  10.6 |   0.3 |   2.3 |   3.4 | 878.0
         Abyss |   1.0 |   1.0 |   0.0 |   0.0 |   0.0 | 105.8
   Pandemonium |   4.6 |   4.6 |   0.0 |   3.8 |   1.5 | 211.7
        Bazaar |   0.2 |   0.2 |   0.0 |   0.0 |   0.0 |  90.0
        Bailey |   1.3 |   1.3 |   0.0 |   0.0 |   0.4 | 528.0
      Ice Cave |   0.5 |   0.5 |   0.0 |   4.7 |   0.0 | 215.0
        Wizlab |   3.1 |   3.2 |   0.0 |   2.7 |   0.5 | 1309.0
               +-------+-------+-------+-------+-------+----------------------

Vault maps used:
D:1:      dpeg_arrival_concentric_ovals, serial_co_window_serial,
          co_window_paths_a, co_window_corner_a, co_window_corner_a,
          co_window_paths_b, co_window_paths_b, co_window_paths_c,
          co_window_broadway_c, co_window_of_opportunity_c, co_window_sun,
          co_window_paths_d, minmay_cut_off
D:2:      cheibrodos_helix_gallery, nicolae_qazlal_eye_of_the_storm
D:3:      marbit_many_paths, first_bread, led_xom_imps
D:4:      okawaru_metal_pillars_3, kennysheep_little_box, minmay_crystal_room,
          uniq_edmund
D:5:      nicolae_overflow_hidden_temple, uniq_duvessa, uniq_sigmund
D:6:      lemuel_doored_altar
D:8:      lemuel_coloured_pillars_altar, nicolae_overflow_crystal_walls,
          lair_entry_dummy, serial_shops, kennysheep_mini, minivault_1
D:9:      grunt_dithmenos_smoke, lemuel_crystal_altar, old_standard_altar
D:10:     uniq_josephine, uniq_nergalle
D:11:     orc_0_dummy, kennysheep_generic_room_15
D:12:     uniq_fannar, uniq_kirke, uniq_nessos, uniq_sonja
D:13:     the_bakery
D:14:     erik_vaults_1, enter_bailey_2, fedhas_altar_4, minmay_misc_feat_alley,
          uniq_azrael
D:15:     grunt_enter_depths_giant_problem, hangedman_decor_points,
          bh_walls_and_bars
Temple:   jpeg_temple_alley_garden
Lair:2:   minmay_lair_oklob_tunnel, dummy_spider_entry, grunt_megastairs_4
Lair:3:   nicolae_swamp_entry_splash_gauntlet, st_stairs_7, uniq_urug
Lair:4:   guppyfry_lair_drakes, uniq_harold
Lair:5:   nicolae_slime_entry_slimehenge, st_stairs_13,
          minmay_lair_oklob_chamber, grunt_megastairs_5
Lair:6:   due_jungle_book, portal_ice_cave_rime, eino_house_with_fridge
Swamp:1:  hangedman_swamp_ruin_wall, swamp_pool1, nicolae_swamp_necromancer_hut
Swamp:2:  evilmike_swamp_ruin_house_4
Swamp:3:  evilmike_swamp_ruin_rubble_2, swamp_pool4, uniq_louise
Swamp:4:  swamp_basic_johnstein
Spider:1: spider_trap, uniq_donald, uniq_nikola
Spider:2: hangedman_spider_trapstep, nicolae_spider_cling_halls
Spider:4: guppyfry_spider_rune, uniq_aizul, uniq_agnes, uniq_arachne
Slime:2:  uniq_dissolution
Slime:4:  dissolution_awaits
Orc:1:    sword_in_stone, uniq_snorg
Orc:2:    pubby_orc_utopia
Elf:1:    elf_arrival_002, orc_legates
Elf:2:    mu_enter_wizlab_6, serial_shops, shop_fountains
Elf:3:    minmay_elf_hall_four_x, basic_altar, minmay_misc_feat_rows,
          dk_noncrumbling_4, minivault_4, hangedman_summoners_spam
Vaults:1: dpeg_vaults_monster_box, grunt_vaults_funnel, grunt_vaults_twisty,
          vaults_room_fours, vaults_room_door_hall, hangedman_vaults_slice,
          serial_shops, bzr_entry_safe
Vaults:2: vaults_mumra_chevron_long, v_rooms_1, ontoclasm_vaults_gallery,
          nicolae_vaults_what_the_h, minmay_crypt_entry_simple_walls,
          ontoclasm_vaults_eye, v_pattern_2, v_misc_30, hangedman_vaults_trim,
          hangedman_vaults_corner_blocks, nicolae_vaults_angled_halls,
          stair_cage_open, serial_shops, nicolae_shop_waterfront
Vaults:3: grunt_vaults_trifunnel, nicolae_vaults_little_ls, st_squares,
          vaults_dpeg_diagonal, v_misc_13, v_misc_17, v_alt_pattern_3,
          nicolae_vaults_angled_halls, nicolae_vaults_asterisk,
          vaults_mumra_hexcomb, ontoclasm_vaults_gateway, serial_shops, shop
Vaults:4: v_alt_pattern_6, v_alt_pattern_1, nicolae_vaults_network_quincunx,
          nicolae_vaults_little_squares_4, nicolae_vaults_ring_of_whatevers,
          nicolae_vaults_three_branches, hangedman_vaults_variations,
          hangedman_vaults_cutoff, nicolae_vaults_border_crossing, v_misc_8,
          v_misc_19, vaults_room_pools, uniq_mara
Vaults:5: serial_shops, uniq_jorgrun
Crypt:3:  cryptofortress_bobbens, uniq_sojobo, uniq_saint_roka
Depths:1: hangedman_geh_valley, serial_glass, glass_columns_a, glass_columns_a,
          glass_columns_a, glass_columns_b, glass_columns_a, glass_columns_c,
          glass_columns_a, glass_columns_a, glass_columns_a, glass_columns_c,
          minmay_room_of_horrors, dpeg_stationary_puzzle, uniq_bai_suzhen,
          uniq_asterion
Depths:2: grunt_bent_corner, abyss_entry, hell_entry,
          kennysheep_underground_church, basic_stair_grate_trap
Depths:3: evilmike_inaccessible_box, pan_entry, abyss_entry_crystal,
          grunt_decor_clamped, hangedman_coc_ice_floe
Depths:4: abrahamwl_protected_by_tso_1, abyss_entry_flame_altar, serial_shops,
          shop, grunt_pan_entry_spiral, minmay_misc_feat_four_crosses,
          hell_entry, lemuel_nasty_fountain, infiniplex_staircase_zigzag_2
Depths:5: grunt_zot_entry_tricorne, enter_ziggurat_f, rand_demon_pan_entry_3,
          hell_entry, minmay_crystal_water, hangedman_abyss_entry_splay,
          uniq_jory, uniq_enchantress
Abyss:1:  hangedman_abyss_or_decor_slice
Abyss:2:  hangedman_illusive_loot
Abyss:3:  grunt_abyss_rune_forest_and_sorcery, minivault_24,
          nicolae_abyss_rune_left_handed, due_exit_kobolds
Pan:      evilmike_mini_pan_doors, nicolae_pan_glass_arcs, uniq_mennas_pan,
          pan_blood_fountain, grunt_pan_zigzag, evilmike_mini_pan_layers,
          rand_demon_1, evilmike_mini_pan_other_thingy,
          pan_blood_fountain_small, evilmike_mini_pan_pillars,
          evilmike_mini_pan_pillars, evilmike_mini_pan_corridor,
          pan_blood_fountain
Bazaar:   bazaar_kb_twisted_cavern
Bailey:   bailey_polearm_2, bailey
IceCv:    ice_cave_caverns_02
WizLab:   wizlab_lehudib
